 Dungeon Crawl Stone Soup version 0.24-a0-358-g53aee78b01 (webtiles) character file.

Game seed: 447224023995385153

47 Azzok the Grave Robber (level 3, -2/26 HPs)
             Began as a Hill Orc Necromancer on May 25, 2019.
             Slain by an adder (3 damage)
             ... on level 2 of the Dungeon.
             The game lasted 00:02:03 (1980 turns).

Azzok the Grave Robber (Hill Orc Necromancer)       Turns: 1980, Time: 00:02:03

Health: -2/26      AC:  2    Str: 10    XL:     3   Next: 70%
Magic:  5/6        EV: 12    Int: 16    God:
Gold:   82         SH:  0    Dex: 11    Spells: 2/6 levels left

rFire    . . .     SeeInvis .   f - +0 short sword (protect)
rCold    . . .     Gourm    .   (no shield)
rNeg     . . .     Faith    .   a - +0 robe
rPois    .         Spirit   .   (no helmet)
rElec    .         Reflect  .   (no cloak)
rCorr    .         Harm     .   (no gloves)
MR       .....                  (no boots)
Stlth    ++........             (no amulet)
HPRegen  0.08/turn              (no ring)
MPRegen  0.10/turn              (no ring)

@: lethally poisoned (-2 -> -16)
A: no striking features
a: no special abilities


You were on level 2 of the Dungeon.
You were not hungry.

You visited 1 branch of the dungeon, and saw 2 of its levels.

You collected 82 gold pieces.

Inventory:

Hand Weapons
 f - a +0 short sword of protection (weapon)
Armour
 a - a +0 robe (worn)
Scrolls
 d - a scroll of remove curse {unknown}
 e - a scroll of fear {unknown}
 g - a scroll of noise {unknown}
Potions
 b - a potion of heal wounds {unknown}
Comestibles
 c - 3 rations
 h - a chunk of flesh


   Skills:
 - Level 1.5 Dodging
 - Level 1.5 Stealth
 + Level 2.4 Spellcasting
 + Level 4.6 Necromancy


You had 2 spell levels left.
You knew the following spells:

 Your Spells              Type           Power        Failure   Level  Hunger
a - Pain                  Necr           ###.         3%          1    #......
b - Regeneration          Chrm/Necr      #.........   22%         3    ###....

Your spell library contained the following spells:

 Spells                   Type           Power        Failure   Level  Hunger
 Animate Skeleton         Necr           N/A          3%          1    #......
 Vampiric Draining        Necr           ###.......   9%          3    ###....
 Animate Dead             Necr           N/A          28%         4    #####..


Dungeon Overview and Level Annotations

Branches:
Dungeon (2/15)

Altars:
Xom


Message History

The adder is heavily wounded.
You feel sick. The adder barely misses you. The adder bites you.
You are lethally poisoned!
The adder poisons you!
You closely miss the adder.
The adder is heavily wounded.
You feel sick. The adder closely misses you.
You closely miss the adder.
The adder is heavily wounded.
* * * LOW HITPOINT WARNING * * *
You feel sick. The adder bites you.
* * * LOW HITPOINT WARNING * * *
You are more poisoned.
The adder poisons you! The adder bites you.
* * * LOW HITPOINT WARNING * * *
You barely miss the adder.
The adder is heavily wounded.
* * * LOW HITPOINT WARNING * * *
You feel sick. The adder bites you.
You die...

▒▒ ▒(▒▒··▒▒·····▒▒·▒ ·▒
·▒▒·▒·▒▒▒·▒·······▒·▒▒ ·)▒
··▒▒··▒▒▒·▒·······▒··▒ ··▒
▒··▒▒·▒·······_······▒ ···▒
▒▒··▒···▒·▒·······▒··▒▒···▒▒▒
·▒······▒·▒·······▒······)···
▒▒········▒▒·····▒▒··········
▒▒······▒·▒▒▒▒·▒▒▒▒··········
▒······▒·······@S··▒▒····▒g▒
▒▒▒▒▒▒·······▒▒▒▒▒▒▒ ····▒
▒▒▒▒▒····▒ ··>·▒ ▒·▒·▒▒
······ ▒▒▒▒ ▒·▒▒▒ ······▒
···▒ ▒▒▒▒▒·▒ ······▒
▒▒·▒▒▒▒···>·▒ ········▒▒▒▒▒
▒▒·▒▒▒▒▒▒


You could see an adder.

Vanquished Creatures
  2 adders (D:2)
  A worm (D:2)
  2 bats (D:1)
  A giant cockroach (D:1)
  A goblin (D:1)
  5 hobgoblins (D:1)
  4 jackals (D:1)
  3 frilled lizards
  4 kobolds (D:1)
  2 rats (D:1)
25 creatures vanquished.

Vanquished Creatures (others)
  A leopard gecko (D:2)
  A giant cockroach (D:2)
2 creatures vanquished.

Grand Total: 27 creatures vanquished

Notes
Turn   | Place    | Note
-------+----------+-------------------------------------------
     0 | D:1      | Azzok the Hill Orc Necromancer began the quest for the Orb.
     0 | D:1      | Reached XP level 1. HP: 14/14 MP: 3/3
   351 | D:1      | Reached XP level 2. HP: 17/20 MP: 0/4
   990 | D:1      | Reached XP level 3. HP: 23/26 MP: 6/6
  1441 | D:2      | Learned a level 3 spell: Regeneration
  1941 | D:2      | Found a shimmering altar of Xom.
  1980 | D:2      | HP: 1/26 [poisoned by an adder]
  1980 | D:2      | Slain by an adder

Levels and vault maps discovered:
D:1:      onia_arrival_mini_maze_b, layout_loops_ring, minmay_door_square,
          serial_park_tiny_1
D:2:      layout_loops_cross, old_standard_altar, fiery_altar_vehumet,
          grunt_decor_mini_mirrors, minmay_parallelograms

Skill      XL: |  1  2 |
---------------+-------+-----
Spellcasting   | 2 |  2.4
Dodging        | |  1.5
Stealth        | |  1.5
Necromancy     | |  4.6

Action                   || total
-------------------------++-------
Melee: Unarmed           ||     9
       Short sword       ||    96
 Cast: Pain              ||    21
       Regeneration      ||     4
  Eat: Chunk             ||     1
       Ration            ||     1
Armor: Robe              ||    28
Dodge: Dodged            ||    76

Table legend:
 A = Non-vault XP
 B = Vault XP
 C = Vault XP percentage of total XP
 D = Non-vault monster count
 E = Vault monster count
 F = Vault count percentage of total count
                 A         B        C        D         E       F
            +---------+---------+-------+---------+---------+-------
      Total |      68 |       0 |   0.0 |      25 |       0 |   0.0
            +---------+---------+-------+---------+---------+-------
        D:1 |      36 |       0 |   0.0 |      21 |       0 |   0.0
        D:2 |      32 |       0 |   0.0 |       4 |       0 |   0.0
            +---------+---------+-------+---------+---------+-------
